 Dungeon Crawl Stone Soup version 0.28.0-53-g5a82cb258f (webtiles) character file.

Game seed: 10703117272371267454

8283 mcbry74 the Cleaver (level 11, -5/92 HPs)
             Began as a Minotaur Fighter on July 3, 2022.
             Was an Elder of Okawaru.
             Slain by a cane toad simulacrum (11 damage)
             ... in an ice cave.
             The game lasted 00:36:54 (9836 turns).

mcbry74 the Cleaver (Minotaur Fighter)              Turns: 9836, Time: 00:36:54

Health: -5/92      AC: 14    Str: 20    XL:     11   Next: 7%
Magic:  6/13       EV:  7    Int:  9    God:    Okawaru [****..]
Gold:   507        SH:  5    Dex: 11    Spells: 10/10 levels left

rFire   x x .      SeeInvis .   w - +6 shillelagh "Devastator" {shatter}
rCold   + + .      Faith    .   c - +0 buckler
rNeg    . . .      Spirit   .   v - +0 plate armour
rPois   +          Reflect  .   m - +0 hat
rElec   .          Harm     .   p - +0 cloak {rPois}
rCorr   .          Rampage  .   (no gloves)
Will    .....                   (no boots)
Stlth   ..........              (no amulet)
HPRegen 0.25/turn               O - ring of ice
MPRegen 0.13/turn               C - ring of ice

@: about to teleport, finesse-ful, slowed, very slow
A: horns 2, retaliatory headbutt
a: Renounce Religion, Heroism, Finesse


You were in an ice cave.
You worshipped Okawaru.
Okawaru was greatly pleased with you.
You visited 3 branches of the dungeon, and saw 10 of its levels.
You also visited: Sewer and Ice Cave.

You collected 507 gold pieces.

Inventory:

Hand Weapons
 a - a +1 war axe
 n - a +2 hand axe of distortion
 w - the +6 shillelagh "Devastator" (weapon) {shatter}
   (You found it on level 5 of the Dungeon)

   It releases a powerful concussive burst when it strikes, dealing extra damage
   to the target and all other foes adjacent to them.
 B - the +1 war axe of Yrraic {speed, rF+ Will+ Str-3 Dex+3}
   (You found it on level 7 of the Dungeon)

   Attacks with this weapon are significantly faster.
   Str:       It affects your strength (-3).
   Dex:       It affects your dexterity (+3).
   rF:        It protects you from fire.
   Will:      It increases your willpower.
 E - the +8 falchion "Sailor" {flame, rC+ Dex+4}
   (You found it on level 7 of the Dungeon)

   It burns those it strikes, dealing additional fire damage.
   Big, fiery blades are also staple armaments of hydra-hunters.
   Dex:       It affects your dexterity (+4).
   rC:        It protects you from cold.
 J - the +7 hunting sling of Vuergh {flame, rPois Dex+4}
   (You found it on level 1 of the Lair of Beasts)

   Any ammunition fired from it burns those it strikes, dealing additional fire
   damage.
   Dex:       It affects your dexterity (+4).
   rPois:     It protects you from poison.
 M - a +2 morningstar of draining
 R - a +2 mace of holy wrath
Missiles
 i - 3 javelins
 o - 4 boomerangs
 u - 5 poisoned darts
 H - 4 atropa-tipped darts
 K - 6 curare-tipped darts (quivered)
Armour
 b - a +0 scale mail
 c - a +0 buckler (worn)
 m - a +0 hat (worn)
 p - a +0 cloak of poison resistance (worn)
 q - a +1 leather armour of willpower
 s - the +2 robe of an ice cave {rCorr Dex+3 SInv}
   (You found it on level 4 of the Dungeon)

   Dex:       It affects your dexterity (+3).
   SInv:      It lets you see invisible.
   rCorr:     It protects you from acid and corrosion.
 v - a +0 plate armour (worn)
 A - a +0 troll leather armour
 P - a +2 buckler of cold resistance
 Q - a +0 chain mail of cold resistance
Magical Staves
 N - a staff of poison
Jewellery
 j - a ring of willpower
 C - a ring of ice (right hand)
 O - a ring of ice (left hand)
Wands
 y - a wand of flame (52)
 L - a wand of acid (6)
Scrolls
 e - 5 scrolls of fog
 h - 7 scrolls of enchant weapon
 k - a scroll of amnesia
 r - a scroll of teleportation
 t - a scroll of identify
 I - a scroll of immolation
Potions
 d - 2 potions of cancellation
 f - 6 potions of curing
 g - 2 potions of lignification
 l - 2 potions of invisibility {unknown}
 x - 3 potions of haste
 z - a potion of flight {unknown}
Miscellaneous
 D - a piece from Xom's chessboard (15/15)
 F - a tin of tremorstones (2/2)
 G - a box of beasts


   Skills:
 + Level 7.4 Fighting
 - Level 10.0(11.6) Axes
 * Level 9.1(11.0) Maces & Flails
 - Level 1.9(6.6) Polearms
 + Level 1.9(4.1) Slings
 + Level 5.2(5.4) Throwing
 + Level 7.6 Armour
 + Level 5.3 Dodging
 - Level 7.0 Shields
 + Level 4.8 Invocations


You had 10 spell levels left.
You didn't know any spells.
Your spell library contained the following spells:

 Spells                   Type           Power      Damage    Failure   Level
 Freeze                   Ice            0%         1d3       100%        1
 Magic Dart               Conj           0%         1d3       100%        1
 Scorch                   Fire           0%         2d5       100%        2
 Searing Ray              Conj           0%         2d4       100%        2
 Dazzling Flash           Conj/Hex       0%         N/A       100%        3
 Frozen Ramparts          Ice            0%         1d2       100%        3
 Mephitic Cloud           Conj/Pois/Air  0%         N/A       100%        3
 Flame Wave               Conj/Fire      0%         2d4       100%        4
 Fulminant Prism          Conj/Hex       0%         3d6       100%        4
 Hailstorm                Conj/Ice       0%         3d3       100%        4
 Iskenderun's Mystic Bla  Conj/Tloc      0%         2d3       100%        4
 Starburst                Conj/Fire      0%         6d3       100%        6
 Call Imp                 Summ           Unusable   N/A       N/A         2
 Summon Cactus Giant      Summ           Unusable   N/A       N/A         6

Dungeon Overview and Level Annotations

Branches:
Dungeon (8/15)             Temple (1/1) D:4            Lair (1/6) D:8
  Sewer (visited)           IceCv (1/1)

Altars:
Ashenzari
Cheibriados
Dithmenos
Elyvilon
Fedhas
Gozag
Hepliaklqana
Kikubaaqudgha
Makhleb
Nemelex Xobeh
Okawaru
Qazlal
Ru
Sif Muna
Trog
Uskayaw
Vehumet
Wu Jian
Xom
Yredelemnul
Zin
The Shining One

Shops:
D:2 *   D:8 *

Annotations:
Lair:1 2 transporters, exclusions: ice statue and oklob plant


Innate Abilities, Weirdness & Mutations

You have a pair of horns on your head.
You reflexively headbutt those who attack you in melee.


Message History

The freezing wraith hits you.
You hit the freezing wraith but do no damage.
The freezing wraith is severely damaged.
The freezing wraith hits you but does no damage.
The freezing wraith hits you. The freezing wraith drains your vigour!
You feel as though you will be slow longer.
You barely miss the freezing wraith. You headbutt the freezing wraith.
The freezing wraith is severely damaged.
You block the freezing wraith's attack. The freezing wraith hits you!
The freezing wraith drains your vigour!
You feel as though you will be slow longer.
The ice devil closely misses you.
The freezing wraith hits you but does no damage.
You block the freezing wraith's attack. The ice devil hits you.
* * * LOW HITPOINT WARNING * * *
The ice devil freezes you. You resist.
* * * LOW HITPOINT WARNING * * *
The ice devil hits you!
* * * LOW HITPOINT WARNING * * *
The ice devil freezes you. You resist.
* * * LOW HITPOINT WARNING * * *
As you read the scroll of teleportation, it crumbles to dust.
You feel strangely unstable. The ice devil closely misses you.
The ice devil hits you but does no damage.
Your surroundings suddenly seem different.
A freezing wraith and an ice devil come into view.
As you read the scroll of teleportation, it crumbles to dust.
You feel strangely unstable.
The +8 falchion "Sailor" {flame, rC+ Dex+4} stops flaming.
Time to lay down the shillelagh law.
w - the +6 shillelagh "Devastator" (weapon)
{shatter} The cane toad simulacrum completely misses you.
You furiously retaliate!
You headbutt the cane toad simulacrum.
You feel better. The ice devil hits you!
* * * LOW HITPOINT WARNING * * *
The ice devil freezes you. You resist.
* * * LOW HITPOINT WARNING * * *
The cane toad simulacrum hits you!
You die...

....## #####
..# .....#
..## .....#
... .....#
##W..#
4W.4W##
##.Z.#
448#..## #.
#...#
[.###4.##
#..#..## #
..# ##W.#
#...W4Z#≈#
#####..##
#@≈≈# ##W.###
##≈≈#
#4.##.## ≈≈#
#..#...## ≈##
#..#...Z# ##
##...#...ZZ..
##..#.44.4..
#####8W.Z..
.4Z4Z.


You could see an ice devil, a freezing wraith and a cane toad simulacrum.

Vanquished Creatures
  A boulder beetle (D:7)
  2 cane toads (Lair:1)
  An unseen horror (D:7)
  2 freezing wraiths (IceCv)
  3 ice devils (IceCv)
  2 komodo dragons (Lair:1)
  2 trolls (D:7)
  2 slime creatures (D:7)
  A dire elephant simulacrum (IceCv)
  2 shadows (D:7)
  2 wyverns
  A vampire mosquito (D:7)
  3 death yak simulacra (IceCv)
  Edmund (D:5)
  3 water moccasins
  A necrophage (D:7)
  Pargi (Sewer)
  5 ogres
  A centaur (D:8)
  2 phantoms (D:5)
  4 bullfrogs
  A cane toad simulacrum (IceCv)
  2 scorpions
  A wyvern zombie (D:8)
  2 wyvern skeletons (D:6)
  A water moccasin skeleton (D:5)
  2 elephant simulacra (IceCv)
  2 centaur zombies
  A bullfrog zombie (D:6)
  5 hounds
  A bullfrog skeleton (D:5)
  An orc priest (D:3)
  A jelly (D:5)
  3 centaur skeletons
  4 iguanas
  4 orc wizards
  3 polar bear simulacra (IceCv)
  2 spriggan simulacra (IceCv)
  A howler monkey zombie (D:8)
  Robin (D:3)
  A naga simulacrum (IceCv)
  9 adders
  16 white imps
  An ufetubus (IceCv)
  6 worms
  6 dart slugs
  15 orcs
  8 ball pythons
  6 endoplasms
  2 giant cockroaches
  17 goblins
  9 hobgoblins
  2 jackals (D:5)
  9 kobolds
  A quokka (D:2)
  11 bats
  5 frilled lizards
  5 rats
209 creatures vanquished.

Vanquished Creatures (others)
  2 plants (Lair:1)
2 creatures vanquished.

Grand Total: 211 creatures vanquished

Notes
Turn   | Place    | Note
-------+----------+-------------------------------------------
     0 | D:1      | mcbry74 the Minotaur Fighter began the quest for the Orb.
     0 | D:1      | Reached XP level 1. HP: 19/19 MP: 0/0
   139 | D:1      | Reached XP level 2. HP: 23/27 MP: 1/1
   381 | D:1      | Reached skill level 3 in Axes
   398 | D:1      | Found a faded altar of an unknown god.
   477 | D:1      | Reached XP level 3. HP: 33/33 MP: 2/2
   916 | D:2      | Reached skill level 4 in Axes
  1072 | D:2      | Reached XP level 4. HP: 40/40 MP: 3/3
  1392 | D:2      | Reached skill level 5 in Axes
  1629 | D:2      | Found Ziosonod's Assorted Antiques.
  2024 | D:3      | Reached XP level 5. HP: 19/46 MP: 4/4
  2162 | D:3      | Found a glowing drain.
  2174 | D:3      | Reached skill level 6 in Axes
  2184 | Sewer    | Entered a sewer
  2221 | Sewer    | Noticed Pargi
  2237 | Sewer    | Killed Pargi
  2238 | Sewer    | Reached skill level 7 in Axes
  2689 | Sewer    | Reached XP level 6. HP: 52/52 MP: 5/5
  2949 | D:3      | Noticed Robin
  2967 | D:3      | Killed Robin
  3322 | D:4      | Reached skill level 8 in Axes
  3627 | D:4      | Identified the +2 robe of an ice cave {rCorr Dex+3 SInv}
  3806 | D:4      | Found a staircase to the Ecumenical Temple.
  3815 | Temple   | Entered the Ecumenical Temple
  3877 | Temple   | Became a worshipper of Warmaster Okawaru
  4136 | D:4      | Found a stormy altar of Qazlal.
  4781 | D:5      | Entered Level 5 of the Dungeon
  4787 | D:5      | Noticed Edmund
  4793 | D:4      | Reached XP level 7. HP: 46/59 MP: 6/6
  4876 | D:5      | Reached skill level 9 in Axes
  4889 | D:5      | Killed Edmund
  4889 | D:5      | Reached * piety under Okawaru
  5089 | D:5      | Found a hide-covered altar of Uskayaw.
  5150 | D:5      | Reached skill level 10 in Axes
  5498 | D:5      | Reached skill level 1 in Maces & Flails
  5498 | D:5      | Reached skill level 1 in Polearms
  5498 | D:5      | Reached skill level 1 in Throwing
  5513 | D:5      | Reached XP level 8. HP: 47/67 MP: 7/7
  5809 | D:5      | Found the +6 shillelagh "Devastator" {shatter}
  5891 | D:6      | Reached ** piety under Okawaru
  5936 | D:6      | Reached skill level 1 in Dodging
  6077 | D:6      | Reached skill level 5 in Armour
  6077 | D:6      | Reached skill level 1 in Invocations
  6453 | D:6      | Found a sacrificial altar of Ru.
  6732 | D:7      | Reached skill level 5 in Fighting
  6772 | D:7      | Noticed a slime creature
  6782 | D:7      | Killed a slime creature
  6783 | D:7      | Reached skill level 5 in Shields
  6783 | D:7      | Reached XP level 9. HP: 42/74 MP: 9/9
  6949 | D:7      | Noticed a boulder beetle
  6955 | D:7      | Noticed a troll
  6959 | D:7      | Reached *** piety under Okawaru
  6960 | D:7      | Reached skill level 5 in Maces & Flails
  6960 | D:7      | Killed an unseen horror
  6963 | D:7      | Killed a boulder beetle
  6963 | D:7      | Reached **** piety under Okawaru
  6966 | D:7      | Killed a troll
  7187 | D:7      | Identified the +1 war axe of Yrraic {speed, rF+ Will+ Str-3
                  | Dex+3}
  7192 | D:7      | Identified the +8 falchion "Sailor" {flame, rC+ Dex+4}
  7211 | D:7      | Reached XP level 10. HP: 83/83 MP: 11/11
  7275 | D:7      | Reached ***** piety under Okawaru
  7275 | D:7      | Received a gift from Okawaru
  7767 | D:8      | Found Qacov's CLEARANCE SALE!.
  7805 | D:8      | Found a blossoming altar of Fedhas.
  8004 | D:8      | Found a staircase to the Lair.
  8603 | Lair:1   | Entered Level 1 of the Lair of Beasts
  8609 | Lair:1   | Identified the +7 hunting sling of Vuergh {flame, rPois
                  | Dex+4}
  8649 | Lair:1   | Noticed a cane toad
  8660 | Lair:1   | Killed a cane toad
  8660 | Lair:1   | Received a gift from Okawaru
  8672 | Lair:1   | Noticed a cane toad
  8681 | Lair:1   | Killed a cane toad
  8972 | Lair:1   | Received a gift from Okawaru
  9052 | Lair:1   | Noticed a cane toad
  9052 | Lair:1   | Noticed a cane toad
  9053 | Lair:1   | Noticed a lindwurm
  9056 | Lair:1   | Noticed an oklob plant
  9060 | Lair:1   | Found a transporter.
  9073 | Lair:1   | Found a transporter.
  9080 | Lair:1   | Noticed an ice statue
  9102 | Lair:1   | Found a frozen archway.
  9129 | IceCv    | Entered an ice cave
  9158 | IceCv    | Reached skill level 1 in Slings
  9158 | IceCv    | Reached skill level 5 in Throwing
  9158 | IceCv    | Reached skill level 5 in Dodging
  9703 | IceCv    | Reached XP level 11. HP: 86/92 MP: 5/13
  9799 | IceCv    | Found an ancient bone altar of Kikubaaqudgha.
  9836 | IceCv    | Slain by a cane toad simulacrum

Illustrated notes

Levels and vault maps discovered:
D:1:      erik_arrival_triangle_medium, layout_loops_cross,
          basic_ecumenical_altar, minmay_tromino_v2
D:2:      layout_basic, serial_shops, nicolae_shop_waterfront, minmay_ruptured
D:3:      layout_rooms, cheibrodos_sewer_entry_bend,
          wad_floor_pattern_untrapped, uniq_robin
D:4:      layout_basic, grunt_qazlal_clouds, lemuel_temple_firewalk_b,
          hex_intersection, minmay_goblin_outpost
D:5:      layout_loops_ring, mainiacjoe_overflow_brackets, fountainhead,
          uniq_edmund
D:6:      layout_basic, mainiacjoe_overflow_six_doors_small
D:7:      minmay_the_grid_square_5x5_3x3 [minmay_the_grid_square_5x5_longway,
          minmay_the_grid_square_5x5_trominoes,
          minmay_the_grid_square_5x5_checkered_sparse,
          minmay_the_grid_square_5x5_three,
          minmay_the_grid_square_5x5_megaprize_checkered,
          minmay_the_grid_square_5x5_eight, minmay_the_grid_square_5x5_fat_x,
          minmay_the_grid_square_5x5_tetrominoes,
          minmay_the_grid_square_5x5_minibox], layout_cave_pools,
          minmay_misc_feat_plants
D:8:      layout_basic, fedhas_altar_3, dpeg_oklobed_lair,
          nicolae_shop_clearance
Temple:   hc_temple_tempest_star
Lair:1:   layout_misc_corridors, nzn_ghost_randoct, portal_ice_cave_entry_imps,
          serial_bayou_crossing
IceCv:    ice_cave_small_necro

Skill      XL: |  1  2  3  4  5  6  7  8  9 10 11 |
---------------+----------------------------------+-----
Shields        | 4 5 6 7 |  7.0
Fighting       | 4 5 6 7 |  7.4
Armour         | 4 5 6 7 |  7.6
Axes           | 3 4 5 7 8 10 | 10.0
Maces & Flails | 1 4 6 8 9 |  9.1
Polearms       | 1 |  1.9
Throwing       | 1 2 4 5 |  5.2
Dodging        | 2 4 5 |  5.3
Invocations    | 2 3 4 |  4.8
Slings         | 1 |  1.9

Action                   |  1- 3 |  4- 6 |  7- 9 | 10-12 || total
-------------------------+-------+-------+-------+-------++-------
Melee: War axe           |    68 |   148 |    64 |       ||   280
       Headbutt          |    10 |    20 |    24 |    22 ||    76
       Shillelagh        |       |       |    73 |   105 ||   178
       Falchion          |       |       |       |     9 ||     9
Throw: Javelin           |       |       |     4 |       ||     4
       Dart              |       |       |    15 |     3 ||    18
       Boomerang         |       |       |    15 |    10 ||    25
Invok: Heroism           |       |       |     1 |     2 ||     3
       Finesse           |       |       |       |     4 ||     4
  Use: Scroll            |       |     6 |       |     7 ||    13
       Potion            |       |     1 |       |     2 ||     3
Armor: Scale mail        |    37 |    46 |       |       ||    83
       Leather armour    |       |    17 |     8 |       ||    25
       Plate armour      |       |       |    47 |    51 ||    98
Dodge: Dodged            |    27 |    83 |    38 |    37 ||   185
Block: Buckler           |     8 |    33 |    17 |    21 ||    79
